 Dungeon Crawl Stone Soup version 0.21-a0-426-g98080a9 (webtiles) character file.

28 mastercheaf21 the Sneak (level 3, -1/24 HPs)
             Began as an Octopode Assassin on Nov 7, 2017.
             Slain by Natasha (5 damage)
             ... on level 2 of the Dungeon.
             The game lasted 00:03:26 (1323 turns).

mastercheaf21 the Sneak (Octopode Assassin)         Turns: 1323, Time: 00:03:35

Health: -1/24      AC:  2    Str: 10    XL:     3   Next: 12%
Magic:  3/3        EV: 13    Int: 13    God:
Gold:   37         SH:  0    Dex: 14    Spells: 2/2 levels left

rFire    . . .     SeeInvis .   a - +2 dagger
rCold    . . .     Gourm    .   (no shield)
rNeg     . . .     Faith    .   (helmet restricted)
rPois    .         Spirit   .   (no amulet)
rElec    .         Reflect  .   m - +1 ring of protection
rCorr    .         Harm     .   (no ring)
MR       .....                  (no ring)
Stlth    ++++......             (no ring)
HPRegen  0.08/turn              (no ring)
MPRegen  0.08/turn              (no ring)
                                (no ring)
                                (no ring)

@: slowed, very slow
A: almost no armour, stealthy swim, amphibious, 8 rings, constrict 8, camouflage
1, gelatinous body 1
a: no special abilities


You were on level 2 of the Dungeon.
You were not hungry.

You visited 1 branch of the dungeon, and saw 2 of its levels.

You collected 37 gold pieces.

Inventory:

Hand Weapons
 a - a +2 dagger (weapon)
 b - a +0 blowgun
Missiles
 c - 8 poisoned needles
 d - 2 curare-tipped needles
Jewellery
 m - a +1 ring of protection (left tentacle)
Scrolls
 g - a scroll of remove curse {unknown}
 i - a scroll of blinking {unknown}
 j - a scroll of identify {unknown}
 l - a scroll of amnesia {unknown}
Potions
 e - 2 potions of heal wounds {unknown}
 h - a potion of haste {unknown}
 k - a potion of invisibility {unknown}
Comestibles
 f - a bread ration


   Skills:
 - Level 2.0 Fighting
 - Level 2.0 Short Blades
 - Level 2.0 Throwing
 - Level 1.0 Dodging
 + Level 6.8 Stealth


You had 2 spell levels left.
You didn't know any spells.

Dungeon Overview and Level Annotations

Branches:
Dungeon (2/15)

Altars:

Annotations:
D:2 Natasha


Innate Abilities, Weirdness & Mutations

You cannot wear most types of armour.
You are very stealthy in the water. (Stealth+)
You are amphibious.
You can wear up to eight rings at the same time.
You can use your tentacles to constrict eight enemies at once.
Your skin changes colour to match your surroundings (Stealth+).
Your rubbery body absorbs attacks. (AC +1, EV +1)


Message History

The crimson imp is lightly wounded.
Natasha closely misses you.
The crimson imp blinks!
The shadow imp hits you. Natasha barely misses you. The shadow imp misses you.
Natasha growls.
Natasha casts a spell at you. The magic dart hits you!
* * * LOW HITPOINT WARNING * * *
The shadow imp hits you.
* * * LOW HITPOINT WARNING * * *
You hit Natasha but do no damage. Your grab misses Natasha.
Natasha barely misses you. The shadow imp closely misses you.
Natasha claws you but does no damage.
You hit Natasha. You grab Natasha. You squeeze Natasha.
Natasha is heavily wounded.
You constrict Natasha, but do no damage.
The shadow imp hits you.
* * * LOW HITPOINT WARNING * * *
The crimson imp hits you but does no damage.
Natasha claws you.
You die...

####### ### #.....# ...
#.###.##### #.########.#
#......
#.###.5........###.#####
#.....h@5..#.......#
#..##..###.##....### #
#.. #.......#
#..#######.###
......#^...)..#
#.###.#.#####.# #.#
#.#.# ...# #.#####.#
.....# #.#.###.#
.......#


You could see Natasha, a crimson imp and a shadow imp.

Vanquished Creatures
  A dart slug (D:1)
  6 bats (D:1)
  2 giant cockroaches (D:1)
  4 goblins (D:1)
  2 hobgoblins (D:1)
  3 kobolds
  6 rats
24 creatures vanquished.

Notes
Turn   | Place    | Note
-------+----------+-------------------------------------------
     0 | D:1      | mastercheaf21 the Octopode Assassin began the quest for the Orb.
     0 | D:1      | Reached XP level 1. HP: 14/14 MP: 1/1
   346 | D:1      | Reached skill level 6 in Stealth
   346 | D:1      | Reached XP level 2. HP: 19/19 MP: 2/2
   872 | D:1      | Reached XP level 3. HP: 14/24 MP: 3/3
  1312 | D:2      | Noticed Natasha
  1323 | D:2      | Slain by Natasha

Vault maps used:
D:1:      dpeg_arrival_water_temple_mockup, minmay_misc_feat_more_columns
D:2:      corner_web_ring, kennysheep_nondescript, kennysheep_doodads,
          uniq_natasha

Skill      XL: |  1 |
---------------+----+-----
Stealth        | 6 |  6.8
Fighting       | |  2.0
Short Blades   | |  2.0
Throwing       | |  2.0
Dodging        | |  1.0

Action                   || total
-------------------------++-------
Melee: Dagger            ||    52
       Constrict         ||    15
       Tentacles         ||     7
 Stab: Sleeping          ||     5
  Eat: Chunk             ||     1
Armor: Skin              ||    13
Dodge: Dodged            ||    79

Table legend:
 A = Spawn XP
 B = Non-spawn XP
 C = Spawn XP percentage of total XP
 D = Spawn monster count
 E = Non-spawn monster count
 F = Spawn count percentage of total count
 G = Total turns spent on level
                    A         B        C        D         E        F      G
               +---------+---------+-------+---------+---------+-------+---------
         Total |       0 |      40 |   0.0 |       0 |      24 |   0.0 |  1323
               +---------+---------+-------+---------+---------+-------+---------
           D:1 |       0 |      37 |   0.0 |       0 |      21 |   0.0 |  1237
           D:2 |       0 |       3 |   0.0 |       0 |       3 |   0.0 |    86
               +---------+---------+-------+---------+---------+-------+---------
